 Dungeon Crawl Stone Soup version 0.23.1 (webtiles) character file.

Game seed: 2984042742346961217

6997 Borgoz the Slicer (level 11, -12/93 HPs)
             Began as a Ghoul Monk on Mar 15, 2019.
             Was a Believer of Ashenzari.
             Shot with a bolt by an orc warrior (16 damage)
             ... in a bailey.
             The game lasted 00:19:00 (7542 turns).

Borgoz the Slicer (Ghoul Monk)                      Turns: 7542, Time: 00:19:01

Health: -12/93     AC: 26    Str: 16    XL:     11   Next: 8%
Magic:  10/10      EV: 11    Int:  9    God:    Ashenzari [**....]
Gold:   479        SH:  0    Dex: 18    Spells: 10/10 levels left

rFire    . . .     SeeInvis +   a - +2 dagger (venom)
rCold    + . .     Gourm    .   (no shield)
rNeg     + + +     Faith    .   t - +12 chain mail of the Castellan {Int+4 Dex+4}
rPois    ∞         Spirit   .   J - +2 hat {MR+}
rElec    .         Reflect  .   (no cloak)
rCorr    .         Harm     .   i - +0 pair of gloves
MR       +....                  (no boots)
Stlth    +.........             (no amulet)
HPRegen  0.00/turn              k - ring of see invisible
MPRegen  0.12/turn              (no ring)

@: rotting
A: rotting body, claws 1, carnivore, cold resistance 1, negative energy
resistance 3, inhibited regeneration, torment resistance, unbreathing
a: Curse Item, Scrying, Renounce Religion


You were in a bailey.
You worshipped Ashenzari.
Ashenzari was pleased with you.
You were not hungry.

You visited 2 branches of the dungeon, and saw 10 of its levels.
You also visited: Bailey.

You collected 479 gold pieces.

Inventory:

Hand Weapons
 a - a +2 dagger of venom (weapon)
 b - a +1 dagger of flaming
 L - a +0 arbalest
Missiles
 v - 7 bolts
 w - 2 exploding tomahawks (quivered)
 y - 7 tomahawks
 E - 6 javelins
 H - 2 throwing nets
Armour
 i - a +0 pair of gloves (worn)
 j - a +0 helmet
 o - a +0 ring mail of fire resistance
 t - the +12 chain mail of the Castellan (worn) {Int+4 Dex+4}
   (You found it on level 5 of the Dungeon)

   It affects your intelligence (+4).
   It affects your dexterity (+4).
 J - a +2 hat of magic resistance (worn)
Jewellery
 k - a ring of see invisible (left hand)
 l - an uncursed ring of ice
Wands
 e - a wand of flame (17)
 g - a wand of acid (4)
 A - a wand of iceblast (6)
 G - a wand of digging (3)
Scrolls
 d - 2 scrolls of teleportation
 h - a scroll of blinking
 p - a scroll of silence
 q - a scroll of enchant armour
 r - 3 scrolls of remove curse
 s - 2 scrolls of enchant weapon
 z - a scroll of summoning
 F - a scroll of random uselessness {unknown}
Potions
 f - 2 potions of brilliance
 m - a potion of magic
 n - 2 potions of flight
 u - a potion of heal wounds
 x - a potion of curing
 B - 2 potions of haste
 C - a potion of mutation
 D - 2 potions of lignification
 I - a potion of ambrosia {unknown}
Comestibles
 c - 19 rations
 K - 15 chunks of flesh


   Skills:
 + Level 7.7 Fighting
 * Level 8.7 Short Blades
 + Level 1.7 Throwing
 * Level 7.5 Armour
 * Level 6.7 Dodging
 + Level 7.8 Stealth


You had 10 spell levels left.
You didn't know any spells.
Your spell library contained the following spells:

 Spells                   Type           Power        Failure   Level  Hunger
 Corona                   Hex            #......      99%         1    ##.....
 Ensorcelled Hibernation  Hex/Ice        #.....       100%        2    ###....
 Poisonous Vapours        Pois/Air       #.....       100%        2    ###....
 Confuse                  Hex            #.......     100%        3    ####...
 Conjure Flame            Conj/Fire      #.......     100%        3    ####...
 Dazzling Spray           Conj/Hex       #.....       100%        3    ####...
 Mephitic Cloud           Conj/Pois/Air  #.......     100%        3    ####...
 Tukima's Dance           Hex            #.......     100%        3    ####...
 Freezing Cloud           Conj/Ice/Air   #.........   100%        6    #######
 Ring of Flames           Chrm/Fire      #.........   100%        7    #######


Dungeon Overview and Level Annotations

Branches:
Dungeon (9/15)             Temple (1/1) D:7
   Lair: D:8-11         Orc: D:9-12

Altars:
Ashenzari
Cheibriados
Dithmenos
Elyvilon
Fedhas
Gozag
Hepliaklqana
Kikubaaqudgha
Makhleb
Nemelex Xobeh
Okawaru
Qazlal
Ru
Sif Muna
Trog
Uskayaw
Vehumet
Wu Jian
Xom
Yredelemnul
Zin
The Shining One

Shops:
D:4 (*%   D:8 %


Innate Abilities, Weirdness & Mutations

Your body is rotting away.
You thrive on raw meat.
You are immune to poison.
You have sharp fingernails.
You are carnivorous and can eat meat at any time.
Your flesh is cold resistant. (rC+)
You are immune to negative energy. (rN+++)
You do not regenerate when monsters are visible.
You are immune to unholy pain and torment.
You can survive without breathing.


Message History

You eat one of the 14 chunks of flesh.
This raw flesh tastes great!
The orc warrior misses you.
Eat one of 13 chunks of flesh? (ye/n/q)
Okay, then.
You hit the orc warrior.
You kill the orc warrior!
The orc knight roars a battlecry!
The orc knight goes into a battle-frenzy!
The orc knight hits you from afar with a +0 halberd!!
Items here: ( ) [ † a +0 arbalest; a bolt; a +0 ring mail; an orc corpse You butcher the orc corpse.
Items here: % ( ) [ ÷ a +0 arbalest; a bolt; a +0 ring mail; 2 chunks of flesh; an orc skeleton
L - a +0 arbalest;
v - 7 bolts (gained 1);
K - 15 chunks of flesh (gained 2)
The orc knight hits you from afar with a +0 halberd!!
* * * LOW HITPOINT WARNING * * *
The orc knight roars a battlecry!
The orc warrior shoots a bolt.
The bolt hits you!
You die...

### * * ######*##∩##
#####
,##.....##...##.....
,#..≈≈≈.[#...#..≈≈≈.
,
#.≈≈o≈≈.......≈≈o≈≈
+.≈.oo≈..@....≈oo.≈
, ,
#.≈≈o≈≈.......≈≈o≈≈
* #..≈≈≈..#..(#..≈≈≈
* ##.....##((.#*....
###### ##∩## *###*
### *


You could see 3 orc knights, 2 orc warriors and 3 orcs.

Vanquished Creatures
  Gastronok (D:8)
  Harold (D:8)
  A two-headed ogre (D:7)
  Pikel (D:5)
  A hornet (D:9)
  A hippogriff (D:7)
  Eustachio (D:6)
  A hungry ghost (D:7)
  4 slaves (D:5)
  2 sky beasts
  2 orc warriors
  A black bear (D:8)
  A phantom (D:6)
  A necrophage (D:5)
  3 ogres
  2 centaurs
  A big kobold (D:8)
  Blork the orc (D:6)
  2 bullfrogs (D:5)
  3 gnoll sergeants (D:6)
  3 scorpions
  4 wights (D:7)
  2 howler monkeys
  3 crimson imps
  A centaur skeleton (D:6)
  4 hounds
  3 jellies
  A bullfrog skeleton (D:5)
  A gnoll shaman (D:6)
  An orc priest (D:4)
  3 orc wizards
  4 iguanas
  6 worker ants
  A killer bee zombie (D:8)
  A hound zombie (D:6)
  Robin (D:2)
  2 worker ant zombies
  A howler monkey skeleton (D:7)
  8 gnolls
  8 adders
  A shadow imp (D:7)
  An ooze (D:2)
  3 adder skeletons
  2 worms
  A dart slug (D:1)
  7 leopard geckos
  24 orcs
  8 bats
  A giant cockroach (D:2)
  12 goblins
  10 hobgoblins
  9 jackals
  13 kobolds
  5 quokkas
  3 ball pythons
  6 frilled lizards
  A jackal skeleton (D:5)
  3 jackal zombies
  A leopard gecko skeleton (D:4)
  A quokka skeleton (D:8)
  A quokka zombie (D:5)
  10 rats
212 creatures vanquished.

Notes
Turn   | Place    | Note
-------+----------+-------------------------------------------
     0 | D:1      | Borgoz the Ghoul Monk began the quest for the Orb.
     0 | D:1      | Reached XP level 1. HP: 19/19 MP: 0/0
   166 | D:1      | Reached XP level 2. HP: 20/26 MP: 1/1
   225 | D:1      | Reached skill level 3 in Short Blades
   513 | D:1      | Reached XP level 3. HP: 31/31 MP: 2/2
   701 | D:2      | Noticed Robin
   989 | D:1      | Reached skill level 1 in Armour
  1102 | D:2      | Killed Robin
  1102 | D:2      | Reached XP level 4. HP: 34/40 MP: 3/3
  1858 | D:3      | Reached XP level 5. HP: 42/46 MP: 4/4
  1883 | D:3      | Found an ancient bone altar of Kikubaaqudgha.
  2788 | D:4      | Reached skill level 4 in Short Blades
  2969 | D:4      | Found Ivibo's Food Shoppe.
  2976 | D:4      | Reached XP level 6. HP: 46/52 MP: 5/5
  3004 | D:4      | Found Jenu's General Store.
  3047 | D:4      | Found Pynluicw's Weapon Emporium.
  3311 | D:5      | Entered Level 5 of the Dungeon
  3337 | D:5      | Reached XP level 7. HP: 11/60 MP: 6/6
  3485 | D:5      | Found a blossoming altar of Fedhas.
  3567 | D:5      | Reached skill level 5 in Short Blades
  3585 | D:5      | Found a hide-covered altar of Uskayaw.
  3648 | D:5      | Reached skill level 5 in Fighting
  3649 | D:5      | Got a blackened chain mail
  3660 | D:5      | Identified the +12 chain mail of the Castellan {Int+4
                  | Dex+4} (You found it on level 5 of the Dungeon)
  3746 | D:5      | Noticed Pikel
  3815 | D:5      | Killed Pikel
  3815 | D:5      | Reached skill level 5 in Stealth
  3815 | D:5      | Reached XP level 8. HP: 43/69 MP: 7/7
  3944 | D:5      | Reached skill level 6 in Short Blades
  4448 | D:6      | Reached XP level 9. HP: 62/75 MP: 8/8
  4546 | D:6      | Noticed Eustachio
  4567 | D:6      | Killed Eustachio
  4688 | D:6      | Found the +7 Singing Sword {slice, sonic wave}
  4688 | D:6      | Noticed Blork the orc
  4716 | D:6      | Reached skill level 5 in Dodging
  4722 | D:6      | Reached skill level 5 in Armour
  4732 | D:6      | Killed Blork the orc
  4913 | D:6      | Found an iron altar of Okawaru.
  5402 | D:7      | Reached skill level 7 in Short Blades
  5425 | D:7      | Found a stormy altar of Qazlal.
  5556 | D:7      | Found a staircase to the Ecumenical Temple.
  5607 | Temple   | Entered the Ecumenical Temple
  5816 | Temple   | Became a worshipper of Ashenzari the Shackled
  5816 | Temple   | Reached * piety under Ashenzari
  5816 | Temple   | Reached ** piety under Ashenzari
  6207 | D:7      | Noticed a two-headed ogre
  6218 | D:7      | Killed a two-headed ogre
  6218 | D:7      | Reached XP level 10. HP: 54/84 MP: 9/9
  6579 | D:8      | Found Tamac's Food Boutique.
  6748 | D:8      | Noticed Harold
  6789 | D:8      | Killed Harold
  6789 | D:8      | Reached skill level 8 in Short Blades
  6916 | D:8      | Noticed Gastronok
  6963 | D:8      | Killed Gastronok
  6963 | D:8      | Reached skill level 1 in Throwing
  6963 | D:8      | Reached XP level 11. HP: 25/93 MP: 10/10
  7429 | D:9      | Found a flagged portal.
  7498 | Bailey   | Entered a bailey
  7498 | Bailey   | Noticed an orc knight
  7498 | Bailey   | Noticed an orc knight
  7499 | Bailey   | Noticed an orc knight
  7540 | Bailey   | HP: 4/93 [orc knight/+0 halberd (27)]
  7542 | Bailey   | Shot with a bolt by an orc warrior

Skill      XL: |  1  2  3  4  5  6  7  8  9 10 |
---------------+-------------------------------+-----
Short Blades   | 3 4 5 6 7 8 |  8.7
Dodging        | 3 4 5 6 |  6.7
Armour         | 1 2 3 4 6 7 |  7.5
Stealth        | 3 4 5 6 7 |  7.8
Fighting       | 4 5 6 7 |  7.7
Throwing       | 1 |  1.7

Action                   |  1- 3 |  4- 6 |  7- 9 | 10-12 || total
-------------------------+-------+-------+-------+-------++-------
Melee: Short sword       |   118 |       |       |       ||   118
       Dagger            |    18 |   238 |   544 |   313 ||  1113
Evoke: Wand              |       |       |     1 |     2 ||     3
  Use: Potion            |     2 |       |     4 |       ||     6
       Scroll            |     1 |       |    15 |     2 ||    18
 Stab: Sleeping          |     1 |     1 |     1 |       ||     3
       Invisible         |       |       |     2 |       ||     2
  Eat: Chunk             |    17 |    17 |    28 |    15 ||    77
Armor: Robe              |    23 |       |       |       ||    23
       Ring mail         |    29 |    88 |    10 |       ||   127
       Chain mail        |       |       |   292 |   144 ||   436
Dodge: Dodged            |   138 |   145 |   207 |   113 ||   603
